Description

Just a normal 8 min timed attack with mutas vs protoss army, it's okay if you are a bit behind with this build you can catch up later and be behind at least 30 seconds behind. Works great against most protoss army.

Replay - Muta 8 min P v T build

Build Order

Get SALT Encoding   

  12  0:01  Drone  
  13  0:22  Spawning Pool  
  13  0:25  Drone x2  
  14  0:36  Extractor  
  14  0:37  Drone  
  15  0:43  Overlord  
  15  1:09  Zergling x6  
  15  1:10  Queen  
  20  1:29  Hatchery  
  20  1:31  Drone x2  
  21  1:42  Extractor  
  21  1:44  Overlord  
  20  1:56  Drone  
  20  2:18  Drone x3  
  25  2:28  Queen  
  27  2:45  Queen  
  27  2:46  Overlord  
  32  3:02  Zergling x2  
  40  3:33  Metabolic Boost, Extractor  
  40  3:37  Spore Crawler x2  
  39  3:41  Hatchery  
  44  4:00  Overlord  
  43  4:10  Roach Warren  
  42  4:18  Overlord  
  42  4:28  Extractor x2  
  50  4:40  Zergling x4  
  52  4:59  Lair  
  61  5:18  Queen  
  69  5:50  Evolution Chamber  
  72  6:01  Spire  
  74  6:15  Zerg Melee Weapons Level 1  
  74  6:18  Extractor x2  
  72  6:26  Zergling x8  
  72  6:31  Hatchery  
  87  7:12  Mutalisk x9  
  104  7:25  Mutalisk  
  114  7:51  Queen  
  134  7:53  Zerg Flyer Weapons Level 1  
  142  8:47  Infestation Pit  
  141  8:51  Glial Reconstitution  
  141  8:54  Zerg Ground Armor Level 1  
  154  8:58  Evolution Chamber  
  153  9:06  Baneling Nest  
  151  9:26  Zerg Missile Weapons Level 1  
  151  9:27  Roach x4  
  169  9:46  Roach x4  
  177  9:59  Roach x2  
Spawning Tool Build Advisor. Get it on Overwolf

Go to:

Details

  • Created by: carth3405
  • Published on: May 08, 2020
  • Modified on: May 08, 2020
  • Patch: 4.11.0
Show
View Real Time Build Order
Export as new Build Order

Comments (0)

There are no comments. Be the first!

Create an account to comment!